 Dungeon Crawl Stone Soup version 0.25.1-2-g60ff931df9 (webtiles) character file.

Game seed: 14975811557364184467

933 Delamore the Cudgeler (level 8, 0/49 HPs)
             Began as a Gargoyle Fighter on Aug 31, 2020.
             Slain by a killer bee (2 damage)
             ... on level 6 of the Dungeon.
             The game lasted 00:07:08 (7015 turns).

Delamore the Cudgeler (Gargoyle Fighter)            Turns: 7015, Time: 00:07:09

Health: 0/49       AC: 15    Str: 21    XL:     8   Next: 11%
Magic:  8/8        EV:  9    Int: 10    God:
Gold:   281        SH:  9    Dex:  9    Spells: 7/7 levels left

rFire    . . .     SeeInvis .   E - +0 flail (vorpal)
rCold    + . .     Gourm    .   c - +0 kite shield
rNeg     + . .     Faith    .   B - +0 chain mail (curse)
rPois    ∞         Spirit   .   (no helmet)
rElec    +         Reflect  .   (no cloak)
rCorr    .         Harm     .   (no gloves)
MR       .....                  (no boots)
Stlth    ..........             k - amulet of inaccuracy (curse)
HPRegen  0.16/turn              q - ring of protection from cold
MPRegen  0.11/turn              u - +4 ring of evasion

@: stab
A: negative energy resistance 1, electricity resistance, unbreathing,
petrification resistance, rot immunity, AC +5
a: no special abilities


You were on level 6 of the Dungeon.
You were very hungry.

You visited 1 branch of the dungeon, and saw 6 of its levels.

You collected 281 gold pieces.

Inventory:

Hand Weapons
 E - a +0 vorpal flail (weapon)
Missiles
 h - 16 poisoned darts (quivered)
 x - a throwing net
Armour
 c - a +0 kite shield (worn)
 i - a +3 tower shield of reflection
 A - the +2 ring mail of Catatonia {+Fly Str+4 Dex+2}
   (You found it on level 6 of the Dungeon)

   It affects your strength (+4).
   It affects your dexterity (+2).
   It lets you fly.
 B - a cursed +0 chain mail (worn)
 D - the cursed +1 ring mail of the Illusory Invaders {rElec Str+3 Slay+2, unknown}
   (You found it on level 6 of the Dungeon)

   It affects your strength (+3).
   It affects your accuracy and damage with ranged weapons and melee attacks
   (+2).
   It insulates you from electricity.
   It has a curse placed upon it.
Jewellery
 k - a cursed amulet of inaccuracy (around neck)
 q - a ring of protection from cold (left hand)
 s - an uncursed amulet of faith {unknown}
 u - a +4 ring of evasion (right hand)
Wands
 g - a wand of enslavement (7)
 m - a wand of paralysis (4)
 r - a wand of disintegration (10)
Scrolls
 j - a scroll of blinking
 v - 3 scrolls of enchant armour
 y - a scroll of magic mapping
 C - a scroll of identify
Potions
 d - a potion of might
Comestibles
 f - 9 rations


   Skills:
 - Level 5.0 Fighting
 + Level 7.0 Maces & Flails
 - Level 5.0 Armour
 - Level 5.0 Shields


You had 7 spell levels left.
You didn't know any spells.
Your spell library was empty.

Dungeon Overview and Level Annotations

Branches:
Dungeon (6/15)
 Temple: D:4-7

Altars:
Cheibriados
Fedhas
Qazlal
Ru
Uskayaw

Shops:
D:4 [   D:5 [

Annotations:
D:3 2 runed translucent doors, iamyoyoman's ghost, amateur DsGl


Innate Abilities, Weirdness & Mutations

You are resistant to torment.
Your stone body is resilient. (AC +5)
You are immune to poison.
You resist negative energy. (rN+)
You are resistant to electric shocks. (rElec)
You can survive without breathing.
You are immune to petrification.
You are immune to rotting.


Message History

You closely miss the killer bee.
The killer bee is heavily wounded.
You block the killer bee's attack. x2
The killer bee stings you but does no damage.
Okay, then.
You miss the killer bee.
The killer bee is heavily wounded.
The killer bee closely misses you. You block the killer bee's attack.
You completely miss the killer bee.
The killer bee is heavily wounded.
You block the killer bee's attack. The killer bee stings you.
* * * LOW HITPOINT WARNING * * *
You closely miss the killer bee.
The killer bee is heavily wounded.
The killer bee stings you but does no damage.
You block the killer bee's attack.
You completely miss the killer bee.
The killer bee is heavily wounded.
You block the killer bee's attack. The killer bee stings you.
You die...

... ... ... #.# ... #.# #.# ####
#.# #.# #.. #.# #.# #.# #.# #.#
####.#########
####.###.##########............#
...#.#.....#...y@......#######.#
.....#.###.#.##.....#### #.#
..##...# #...).......# #.#
.§####.###.#.###.###.# #.#
...........#.###.# #.# #.#
≈..#####.#.......# #^# #.# ...#
#.#.#.##### #.# #.# ...# # #.#.#
#.# ###.# ...# #.#.#######.##
#...#


You could see a killer bee.

Vanquished Creatures
  An eye of draining (D:6)
  2 centaurs (D:5)
  2 bullfrogs (D:6)
  A scorpion (D:4)
  A killer bee (D:6)
  A bullfrog zombie (D:5)
  A jelly (D:5)
  An iguana (D:4)
  5 worker ants
  4 gnolls (D:6)
  10 adders
  3 shadow imps
  2 oozes (D:3)
  6 worms
  A dart slug (D:1)
  5 leopard geckos
  7 giant cockroaches
  5 goblins
  5 hobgoblins
  8 jackals
  7 kobolds
  A quokka (D:3)
  A ball python (D:3)
  12 bats
  2 frilled lizards
  A giant cockroach zombie (D:3)
  A leopard gecko skeleton (D:6)
  A quokka skeleton (D:4)
  7 rats
104 creatures vanquished.

Notes
Turn   | Place    | Note
-------+----------+-------------------------------------------
     0 | D:1      | Delamore the Gargoyle Fighter began the quest for the Orb.
     0 | D:1      | Reached XP level 1. HP: 14/14 MP: 1/1
   129 | D:1      | Reached XP level 2. HP: 19/19 MP: 2/2
   588 | D:1      | Reached XP level 3. HP: 21/23 MP: 3/3
  1291 | D:2      | Reached XP level 4. HP: 27/29 MP: 4/4
  2204 | D:3      | Reached skill level 3 in Maces & Flails
  2212 | D:3      | Found a blossoming altar of Fedhas.
  2230 | D:3      | Reached XP level 5. HP: 33/33 MP: 5/5
  2942 | D:3      | Found a large runed translucent door.
  2945 | D:3      | Found a large runed translucent door.
  2945 | D:3      | Noticed iamyoyoman's ghost (amateur DsGl)
  3454 | D:4      | Noticed a phantom
  3744 | D:4      | Reached XP level 6. HP: 14/39 MP: 6/6
  4030 | D:4      | Found Mykkuam's Antique Armour Shoppe.
  4122 | D:5      | Entered Level 5 of the Dungeon
  4307 | D:5      | Found a snail-covered altar of Cheibriados.
  4440 | D:5      | Got a slimy rapier
  4441 | D:5      | Identified the +6 rapier "Roemn" {venom, rF+} (You found it
                  | on level 5 of the Dungeon)
  4534 | D:5      | Found Atsepir's Antique Armour Shop.
  4607 | D:5      | Reached skill level 5 in Armour
  4607 | D:5      | Reached skill level 5 in Shields
  4774 | D:5      | Got a buzzing leather armour
  4785 | D:5      | Identified the +2 leather armour "Mussuxku" {Int+4 Dex-2}
                  | (You found it on level 5 of the Dungeon)
  4826 | D:5      | Reached skill level 5 in Fighting
  4826 | D:5      | Reached skill level 4 in Maces & Flails
  4826 | D:5      | Reached XP level 7. HP: 6/44 MP: 7/7
  5107 | D:5      | Found a sacrificial altar of Ru.
  5240 | D:5      | Noticed a +0 dagger
  5241 | D:5      | Found a hide-covered altar of Uskayaw.
  5241 | D:5      | Noticed a +0 dagger
  5552 | D:5      | Reached skill level 5 in Maces & Flails
  6087 | D:6      | Got a spiked ring mail
  6098 | D:6      | Identified the +2 ring mail of Catatonia {+Fly Str+4 Dex+2}
                  | (You found it on level 6 of the Dungeon)
  6332 | D:6      | Reached skill level 6 in Maces & Flails
  6480 | D:6      | Found a stormy altar of Qazlal.
  6513 | D:6      | Got a fading ring mail
  6853 | D:6      | Reached XP level 8. HP: 49/49 MP: 8/8
  6884 | D:6      | Reached skill level 7 in Maces & Flails
  7013 | D:6      | HP: 1/49 [killer bee (2)]
  7015 | D:6      | Slain by a killer bee

Illustrated notes

Levels and vault maps discovered:
D:1:      nzn_arrival_depleted_hourglass, layout_basic, kennysheep_small_spiral
D:2:      layout_basic, minivault_14
D:3:      layout_loops_ring, nicolae_overflow_crystal_walls, first_ration,
          ebering_ghost_disaster_area, st_stairs_8, kennysheep_potato
D:4:      layout_cave_pools, tgw_sif, serial_shops, nicolae_shop_crystal,
          nicolae_tso_swordbearing_angel
D:5:      layout_basic, dancing_weapons_uskayaw, cheibrodos_worm_habitat,
          serial_shops, kennysheep_mini, hangedman_ru_absence
D:6:      layout_loops_ring, nicolae_qazlal_general_emergency, serial_shops,
          shop, grunt_ministairs_6, minmay_tree_intersection

Skill      XL: |  1  2  3  4  5  6  7  8 |
---------------+-------------------------+-----
Fighting       | 4 5 |  5.0
Armour         | 4 5 |  5.0
Shields        | 4 5 |  5.0
Maces & Flails | 3 4 6 7 |  7.0

Action                   |  1- 3 |  4- 6 |  7- 9 || total
-------------------------+-------+-------+-------++-------
Melee: Flail             |   173 |   374 |   301 ||   848
       Rapier            |       |    21 |       ||    21
  Use: Scroll            |       |     4 |     5 ||     9
       Potion            |       |       |     8 ||     8
  Eat: Chunk             |     1 |     9 |     7 ||    17
       Ration            |       |     1 |       ||     1
Armor: Scale mail        |   128 |   212 |       ||   340
       Leather armour    |       |     4 |       ||     4
       Chain mail        |       |       |   176 ||   176
       Skin              |       |       |     4 ||     4
Dodge: Dodged            |    66 |   101 |    99 ||   266
Block: Kite shield       |    79 |   101 |   204 ||   384
       Tower shield      |    53 |   181 |       ||   234
       Reflection        |       |     2 |       ||     2
